 Dungeon Sprint DCSS version 0.29.1-2-gbd0b4ee654 (webtiles) character file.

Game seed: 6477084883075377979

800000 tevo3000 the Slayer (level 14, -1/168 HPs)
             Began as a Gargoyle Berserker on Nov 28, 2022.
             Was a Believer of Trog.
             Slain by a meat berserker
             ... wielding a +9 battleaxe
              (37 damage)
             ... in the Dungeon (Sprint VIII: "Arena of Blood").
             The game lasted 00:01:31 (8 turns).

tevo3000 the Slayer (Gargoyle Berserker)               Turns: 8, Time: 00:01:32

Health: -1/168     AC: 13    Str: 26    XL:     14   Next: 13%
Magic:  14/14      EV: 16    Int:  8    God:    Trog [**....]
Gold:   0          SH:  0    Dex:  9    Spells: 13/13 levels left

rFire   . . .      SeeInvis .   h - +∞ Axe of Woe
rCold   . . .      Faith    .   (shield currently unavailable)
rNeg    + . .      Spirit   .   a - +0 animal skin
rPois   ∞          Reflect  .   (no helmet)
rElec   +          Harm     .   (no cloak)
rCorr   .          Rampage  .   (no gloves)
Will    +....      NoTele   +   (no boots)
Stlth   ..........              (no amulet)
HPRegen 0.38/turn               (no ring)
MPRegen 0.14/turn               (no ring)

@: berserking, flying, very quick
A: sickness immunity, AC +10, big wings, negative energy resistance 1,
electricity resistance, torment resistance 1, petrification resistance
a: Renounce Religion, Berserk, Trog's Hand


You were in the Dungeon.
You worshipped Trog.
Trog was pleased with you.
You visited 1 branch

Inventory:

Hand Weapons
 h - the +∞ Axe of Woe (weapon)
   (You found it in the Dungeon)
Armour
 a - a +0 animal skin (worn)
Scrolls
 g - a scroll of blinking
Potions
 b - a potion of curing
 c - a potion of heal wounds
 d - a potion of haste
 e - 2 potions of magic
 f - a potion of berserk rage


   Skills:
 + Level 22.1 Fighting
 * Level 17.1 Axes
 + Level 17.1 Armour
 + Level 13.2 Dodging
 - Level 16.3 Unarmed Combat


You had 13 spell levels left.
You didn't know any spells.
Your spell library was empty.

Dungeon Overview and Level Annotations

Branches:
Dungeon (1/1)

Altars:
Makhleb


Innate Abilities, Weirdness & Mutations

You are immune to sickness and miasma.
Your stone body is resilient. (AC +10)
You are immune to poison.
Your large and strong wings let you fly.
You resist negative energy. (rN+)
You are resistant to electric shocks. (rElec)
You are resistant to unholy torment.
You are immune to petrification.


Message History

You feel stronger.
The meat berserker appears out of thin air!
A meat berserker comes into view. It is wielding a +9 battleaxe.
The meat berserker shouts!
You hear a shout! x8
The bag of meat hits you with a +9 war axe!!
The bag of meat hits you with a +9 war axe!
The bag of meat hits you with a +9 war axe!!!
* * * LOW HITPOINT WARNING * * *
You hear a shout!
Things that are here:
a +9 battleaxe; a +30 ring of slaying; a meat berserker corpse You hit the bag of meat but do no damage.
You cleave the bag of meat in twain.
You kill the bag of meat!
Trog accepts your kill.
You slash the bag of meat!
You fatally mangle the bag of meat.
You kill the bag of meat!
Trog accepts your kill.
You slash the bag of meat!
You cleave the bag of meat in twain.
You kill the bag of meat!
Trog accepts your kill.
The meat berserker appears out of thin air!
A meat berserker comes into view. It is wielding a +9 battleaxe.
The meat berserker appears out of thin air!
A meat berserker comes into view. It is wielding a +9 battleaxe.
The meat berserker shouts! x2; You hear a shout! x5
A meat berserker comes into view. It is wielding a +9 battleaxe.
You hear a shout! x5
Your Fighting skill gained 2 levels and is now at level 22!
Your Axes skill gained 5 levels and is now at level 17!
Your Armour skill gained 3 levels and is now at level 17!
Your Dodging skill gained 3 levels and is now at level 13!
You have reached level 13!
You have reached level 14!
Your wings grow larger and stronger.
A red film seems to cover your vision as you go berserk!
You feel yourself moving faster!
You feel mighty!
You hear a shout! x6
The meat berserker hits you with a +9 battleaxe!!!
You die...

............
...........
...........
..........
#.......#
#.......# ..
.###.O..)))###...
......###@.......
......_O.O......
..#.....#......
#_.<._#......
#.)...# .....
....._.........
......###o.......
.###.. ...###...
#.. ...#


You could see 3 meat berserkers and a bag of meat.

Vanquished Creatures
  An ogre (D)
  4 orcs (D)
5 creatures vanquished.

Notes
Turn   | Place    | Note
-------+----------+-------------------------------------------
     0 | D        | Found the +∞ Axe of Woe
     0 | D        | tevo3000 the Gargoyle Berserker began the quest for the
                  | Orb.
     0 | D        | Reached XP level 1. HP: 14/14 MP: 1/1
     0 | D        | Noticed a bag of meat
     2 | D        | Killed a bag of meat
     2 | D        | Noticed a bag of meat
     2 | D        | Noticed a bag of meat
     2 | D        | Noticed a bag of meat
     3 | D        | Reached skill level 17 in Fighting
     3 | D        | Reached skill level 10 in Armour
     3 | D        | Reached XP level 2. HP: 38/38 MP: 2/2
     3 | D        | Reached XP level 3. HP: 43/43 MP: 3/3
     3 | D        | Reached XP level 4. HP: 49/49 MP: 4/4
     3 | D        | Reached XP level 5. HP: 54/54 MP: 5/5
     3 | D        | Reached XP level 6. HP: 60/60 MP: 6/6
     3 | D        | Reached XP level 7. HP: 64/64 MP: 7/7
     3 | D        | Reached XP level 8. HP: 71/71 MP: 8/8
     3 | D        | Reached XP level 9. HP: 76/76 MP: 9/9
     3 | D        | Reached XP level 10. HP: 81/81 MP: 10/10
     3 | D        | Reached XP level 11. HP: 86/86 MP: 11/11
     3 | D        | Noticed a bag of meat
     3 | D        | Noticed a meat berserker
     3 | D        | Noticed a bag of meat
     5 | D        | Killed a meat berserker
     5 | D        | Reached ** piety under Trog
     5 | D        | Noticed a bag of meat
     6 | D        | Reached skill level 20 in Fighting
     6 | D        | Reached skill level 10 in Dodging
     6 | D        | Reached XP level 12. HP: 96/96 MP: 12/12
     6 | D        | Noticed a meat berserker
     7 | D        | Killed a bag of meat
     7 | D        | Killed a bag of meat
     7 | D        | Killed a bag of meat
     7 | D        | Noticed a meat berserker
     7 | D        | Noticed a meat berserker
     7 | D        | Noticed a meat berserker
     8 | D        | Reached skill level 22 in Fighting
     8 | D        | Reached XP level 13. HP: 22/105 MP: 13/13
     8 | D        | Gained mutation: Your large and strong wings let you fly.
                  | [Gargoyle growth]
     8 | D        | Reached XP level 14. HP: 24/112 MP: 14/14
     8 | D        | Slain by a meat berserker

Illustrated notes

Levels and vault maps discovered:
D:        meatsprint

Skill      XL: |  1  2  3  4  5  6  7  8  9 10 11 12 |
---------------+-------------------------------------+-----
Fighting       | 17 20 22 | 22.1
Axes           | 3 12 17 | 17.1
Armour         | 10 14 17 | 17.1
Dodging        | 7 10 13 | 13.2
Unarmed Combat | 16 | 16.3

Action                   |  1- 3 |  4- 6 |  7- 9 | 10-12 | 13-15 || total
-------------------------+-------+-------+-------+-------+-------++-------
Melee: Executioner's axe |     1 |       |       |     2 |       ||     3
Invok: Berserk           |       |       |       |       |     1 ||     1
